woodfighter, chaotic female orcish Cavewoman --- ---- --- --.-- ----- ---..| ---.| |...-----|...-- |^...| --. |...-- |.......--....| |.---- ......- ---------....----...........-- |.-- ..............%..........||.^.........| |..| ----- -...--.....----.....----.---..........-- ---..-- .........| |..- --.|..|.......-- |...|...........| |.....| --^....--.--- -^-- |.......| ---.--.--.......| ---.---.| |......||...| II| ---.....-- |...--|......-- --..)||..| |......|---.-- G --.....| ---.-----..^.| ----...-|---- --....-- |.).| --....-- |...|...|.----.......| --.--- ---.--- |.....| --..|.-----|.....%..-- --- |.<... --.....-------.....| |........| |....--- --.........--......-- ---.)-...----- --..*..-- |.................-- --....|.....| |......| |.--.--.......-.-----------.-.--|....-- |..*..-- --------.............(...(....| ---.>| --.|..| ----.------------------- ---- ------ --- woodfighter the Cave Teen Experience level: 5 Strength: 18 Dexterity: 16 Constitution: 16 Intelligence: 8 Wisdom: 9 Charisma: 9 Health: 0(34) Energy: 17(17) Def: 2 Gold: 182 Moves: 1764 Dungeon seed: UR-A3wvIKh2OdJxJ Game ID: woodfighter_1476563361 Your Inventory: Coins $ - 182 gold pieces Weapons a - a +1 club (weapon in hand) b - a +2 sling (alternate weapon; not wielded) Armor n - an uncursed +0 pair of leather gloves q - an uncursed +0 leather armor (being worn) r - an uncursed +0 pair of gauntlets of dexterity t - an uncursed +3 pair of iron shoes x - an uncursed +0 dwarvish cloak z - an uncursed +0 dwarvish cloak N - an uncursed +0 pair of iron shoes Y - an uncursed +1 dwarvish cloak Comestibles c - 3 uncursed food rations w - an uncursed lembas wafer A - 2 uncursed fortune cookies C - an uncursed mango Scrolls f - an uncursed scroll of teleportation h - an uncursed scroll of remove curse i - an uncursed scroll of scare monster D - a cursed scroll of identify Spellbooks k - an uncursed spellbook of cure blindness Potions j - 2 uncursed potions of healing o - an uncursed potion of levitation Rings p - an uncursed +1 ring of increase damage u - a blessed +1 ring of protection Wands m - a wand of sleep (0:4) Tools s - a +0 pick-axe y - an uncursed skeleton key B - an uncursed towel Gems e - 9 uncursed flints (in quiver) Spells and supernatural/magical abilities: Name Level Category Fail Memory W - pray for help -- divine ? -- Your skills at the end: Miscellaneous Skills bare handed combat [Basic] Weapon Skills scimitar [Basic] club [Basic] sling [Basic] Spellcasting Skills Final Attributes: You were piously aligned. You were poison resistant. You had infravision. You were somewhat stealthy. You were lucky. You are dead. Vanquished creatures: a gnome lord a gnomish wizard a giant ant 4 dwarves an iguana a jitterbug a coyote 2 hobbits 2 geckos 2 giant rats a cave spider 15 gnomes 2 jackals a sewer rat 4 grid bugs 4 lichens 43 creatures vanquished. Voluntary challenges: You did not adorn yourself with jewelry or accessories. You did not cause conflict. You were not invisible. You did not have reflection. You were not displaced. You were an atheist. You used a wielded weapon 51 times, starting on turn 3. You did not use tools. You did not use plumbed fixtures. You did not drink any magical draughts. You were illiterate. You never genocided any monsters. You never polymorphed an object. You never changed form. You used no wishes. You never split a pudding. You never wrote Elbereth's name. You never violated your personal moral code. Dungeon overview: The Dungeons of Doom: levels 1 to 4 Level 1 (w) a fountain a long staircase Level 2 Level 3 an armor shop stairs to The Gnomish Mines Level 4 The Gnomish Mines: levels 4 to 6 Level 4 <- You were here stairs to The Dungeons of Doom Level 5 Level 6 History has recorded: On T:1 you entered the Dungeons of Doom to retrieve the Amulet of Yendor! On T:207 you reached level 2 of The Dungeons of Doom. On T:420 you reached level 3 of The Dungeons of Doom. On T:719 you reached level 1 of The Gnomish Mines. On T:886 you advanced to experience level 2. On T:927 you reached level 4 of The Dungeons of Doom. On T:1086 you advanced to experience level 3. On T:1171 you reached level 2 of The Gnomish Mines. On T:1229 you advanced to experience level 4. On T:1270 you advanced to experience level 5. On T:1299 you reached level 3 of The Gnomish Mines. Score breakdown: Gold: 182 ( 18 points) Experience: 5 levels ( 400 points) Exploration: 6 levels ( 150 points) Discoveries: 15 items ( 750 points) Variety of kills: 16 monsters ( 800 points) Major goal: (nothing yet) ( 0 points) Survival: died (score multiplied by 3) Total score: 6354 Latest messages: You see here a cave spider corpse. You stop exploring. An arrow shoots out at you! You are hit by an arrow. You stop exploring. The giant ant bites! You hit the giant ant! The giant ant bites! You kill the giant ant! You stop exploring. You hit the jitterbug! The jitterbug displaces you! The jitterbug bites! (2x) You kill the jitterbug! You stop exploring. You hit the iguana! The iguana bites! You kill the iguana! You see here a cave spider corpse. You stop exploring. A cloud of gas puts you to sleep! Something punches you! Something stabs you! Something punches you! Something stabs you! (2x) Something punches you! You die... Final status: Goodbye woodfighter the Cavewoman, killed by a gnome, while sleeping... You died in The Gnomish Mines on dungeon level 4 with 6354 points, and 182 pieces of gold, after 1764 moves. You were level 5 with a maximum of 34 hit points when you died.